[Event "Titled Tuesday Blitz August 02 Early 2022"]
[White "Laxman, R.R."]
[Black "Cnejev, Vladimir-Alexandru"]
[WhiteFideId "5005361"]
[BlackFideId "1260898"]
[WhiteElo "2361"]
[BlackElo "1951"]
[Result "1-0"]
[Round "01"]
[TimeControl "180+1"]
[Date "2022.08.02"]
[WhiteClock "0:01:44"]
[BlackClock "0:00:01"]

1. d4 d5 2. Nf3 Nf6 3. c4 e6 4. g3 Be7 5. Bg2 O-O 6. O-O c6 7. Nbd2 b6 8. Qc2 Bb7 9. e4 Na6 10. a3 c5 11. e5 Nd7 12. cxd5 Bxd5 13. dxc5 bxc5 14. b3 Rb8 15. Bb2 Qb6 16. Rab1 Bxb3 17. Qd3 Bd5 18. Bc3 Qc6 19. Rbc1 Nc7 20. Ba5 Rfc8 21. Nd4 Qa6 22. Qxa6 Nxa6 23. Bxd5 exd5 24. Nf5 Bf8 25. Rfe1 g6 26. Nd6 Rc6 27. Rcd1 Bxd6 28. exd6 Rxd6 29. Ne4 Re6 30. Rxd5 Rxe4 31. Rxe4 Nf6 32. Rd6 Nxe4 33. Rxa6 Rb7 34. Rc6 h5 35. f3 Ng5 36. Bc3 Nxf3+ 37. Kf2 Nd4 38. Rxc5 Rd7 39. Ke3 Ne6 40. Rc8+ Rd8 41. Rxd8+ Nxd8 42. Kd4 Kf8 43. Kc5 Ke7 44. Kb5 Kd7 45. a4 Nc6 46. a5 Kd6 47. Bf6 Kd7 48. a6 Kd6 49. h4 Kd5 50. Bg7 Kd6 51. Bf8+ Kd5 52. Bc5 f6 53. Bg1 g5 54. g4 1-0


[Site "https://www.chess.com"]

[Event "Titled Tuesday Blitz August 02 Early 2022"]
[White "Le, Tuan Minh"]
[Black "Cervantes Landeiro, Thalia"]
[WhiteFideId "12401153"]
[BlackFideId "3520498"]
[WhiteElo "2530"]
[BlackElo "2042"]
[Result "1-0"]
[Round "01"]
[TimeControl "180+1"]
[Date "2022.08.02"]
[WhiteClock "0:00:14"]
[BlackClock "0:00:04"]

1. d4 d5 2. Nf3 Nf6 3. Bf4 g6 4. e3 Bg7 5. c4 O-O 6. Nc3 c5 7. Be2 cxd4 8. Nxd4 Nc6 9. Nxc6 bxc6 10. O-O Bf5 11. Qa4 Qb6 12. Qa3 Rfe8 13. cxd5 cxd5 14. Be5 e6 15. Rac1 Bf8 16. Qa4 Ne4 17. Nb5 Nc5 18. Qh4 Be7 19. Qd4 Rac8 20. b4 Nd7 21. Qxb6 axb6 22. Bd6 Bxd6 23. Nxd6 Rxc1 24. Rxc1 Ra8 25. g4 Rxa2 26. Bb5 Ne5 27. gxf5 gxf5 28. h3 Rb2 29. Rc7 Rxb4 30. Be8 Nf3+ 31. Kg2 Nh4+ 32. Kg3 Ng6 33. Bxf7+ Kf8 34. Bxe6 f4+ 35. exf4 Nxf4 36. Rf7+ 1-0


[Site "https://www.chess.com"]

[Event "Titled Tuesday Blitz August 02 Early 2022"]
[White "Mardov, Dimitar"]
[Black "Johnson, Donald"]
[WhiteFideId "30919495"]
[BlackFideId "30949122"]
[WhiteElo "2185"]
[BlackElo "1724"]
[Result "1-0"]
[Round "01"]
[TimeControl "180+1"]
[Date "2022.08.02"]
[WhiteClock "0:00:16"]
[BlackClock "0:00:03"]

1. e4 c5 2. Nf3 d6 3. d4 cxd4 4. Nxd4 Nf6 5. Nc3 a6 6. h3 e5 7. Nb3 Be7 8. Be3 Be6 9. Qf3 O-O 10. O-O-O b5 11. g4 b4 12. Nd5 Nxd5 13. exd5 Bc8 14. Bd3 a5 15. Nd2 Ba6 16. Ne4 Bxd3 17. Rxd3 Nd7 18. h4 Qc7 19. Kb1 a4 20. g5 f5 21. gxf6 Nxf6 22. Nxf6+ Bxf6 23. Qe4 Rac8 24. Rd2 Qc4 25. Qxc4 Rxc4 26. h5 Rh4 27. Rdd1 Be7 28. c3 bxc3 29. bxc3 Rf5 30. h6 g6 31. Kc2 Rxh1 32. Rxh1 Bg5 33. Kd3 Bxe3 34. Kxe3 Kf7 35. Rb1 g5 36. Rb6 Rf6 37. f3 Rxh6 38. c4 Rf6 39. Ra6 h5 40. Rxa4 h4 41. Ra8 Rh6 42. Rb8 h3 43. Rb1 h2 44. Rh1 Kf6 45. a4 Kf5 46. a5 Rh8 47. a6 e4 48. fxe4+ Ke5 49. a7 g4 50. Rxh2 Rxh2 51. a8=Q Rh3+ 52. Kf2 Kxe4 53. Qg8 Rf3+ 54. Kg2 Rc3 55. Qxg4+ Kd3 56. Qe6 Kc2 57. Qxd6 Kb2 58. Qc6 Rc2+ 59. Kf3 Kb1 60. Ke4 Kb2 61. d6 Kb1 62. d7 Kb2 63. d8=Q Kb1 64. Qb8+ Ka1 65. Qa6+ Ra2 66. Qf6+ Rb2 67. Qfxb2# 1-0


[Site "https://www.chess.com"]

[Event "Titled Tuesday Blitz August 02 Early 2022"]
[White "Mouhamad, Joachim"]
[Black "Harmon-Vellotti, Luke"]
[WhiteFideId "656410"]
[BlackFideId "2030012"]
[WhiteElo "2147"]
[BlackElo "2354"]
[Result "0-1"]
[Round "01"]
[TimeControl "180+1"]
[Date "2022.08.02"]
[WhiteClock "0:00:09"]
[BlackClock "0:01:46"]

1. e4 e6 2. d4 d5 3. Nc3 Bb4 4. e5 c5 5. a3 Bxc3+ 6. bxc3 Ne7 7. Qg4 Qc7 8. Qxg7 Rg8 9. Qxh7 cxd4 10. Qd3 Qxe5+ 11. Ne2 dxc3 12. Qxc3 Qxc3+ 13. Nxc3 e5 14. h4 Bf5 15. Ra2 Nbc6 16. Nb5 Kd7 17. h5 a6 18. Nc3 Nd4 19. Kd1 Rac8 20. Na4 Bxc2+ 21. Rxc2 Rxc2 22. Be3 Rc6 23. Bxd4 exd4 24. Nb2 Nf5 25. Bd3 Nh6 26. g3 Rc3 27. a4 Rgc8 28. Kd2 Rb3 29. Rb1 Kd6 30. f3 f5 31. Nd1 Rxb1 32. Bxb1 Rg8 33. g4 fxg4 34. fxg4 Rxg4 35. Bg6 Rg2+ 36. Kd3 Kc5 37. a5 Ng4 0-1


[Site "https://www.chess.com"]

[Event "Titled Tuesday Blitz August 02 Early 2022"]
[White "Nakamura, Hikaru"]
[Black "Thorhallsson, Simon"]
[WhiteFideId "2016192"]
[BlackFideId "2310090"]
[WhiteElo "2850"]
[BlackElo "2137"]
[Result "1-0"]
[Round "01"]
[TimeControl "180+1"]
[Date "2022.08.02"]
[WhiteClock "0:01:38"]
[BlackClock "0:00:06"]

1. Nf3 Nf6 2. b3 e6 3. Bb2 d5 4. e3 Be7 5. g3 O-O 6. Bg2 c5 7. O-O Nc6 8. c4 d4 9. exd4 cxd4 10. d3 e5 11. Na3 Re8 12. Nc2 Bf8 13. Re1 Bd7 14. a3 a5 15. Nd2 Qc8 16. Ne4 Nxe4 17. Bxe4 Bf5 18. Qf3 Bxe4 19. Qxe4 Qd8 20. Bc1 g6 21. Bd2 Bg7 22. b4 axb4 23. Nxb4 Qc7 24. g4 Ra4 25. g5 Rea8 26. Rab1 Rxa3 27. Nd5 Qd8 28. Rxb7 Ra2 29. Bc1 Ra1 30. h4 Rb8 31. Rc7 Rbb1 32. Rxc6 Rxc1 33. Rxc1 Rxc1+ 34. Kg2 Bf8 35. Qf3 Kh8 36. Qxf7 Bg7 37. Re6 Qg8 38. Re8 1-0


[Site "https://www.chess.com"]

[Event "Titled Tuesday Blitz August 02 Early 2022"]
[White "Omariev, Maksim"]
[Black "Jubin Jimmy"]
[WhiteFideId "4193423"]
[BlackFideId "46686614"]
[WhiteElo "2489"]
[BlackElo "2219"]
[Result "0-1"]
[Round "01"]
[TimeControl "180+1"]
[Date "2022.08.02"]
[WhiteClock "0:00:06"]
[BlackClock "0:00:22"]

1. g4 d5 2. Bg2 c6 3. h3 e5 4. d4 e4 5. c4 h5 6. g5 Bb4+ 7. Nc3 Ne7 8. Qb3 Bd6 9. Bd2 Bc7 10. O-O-O O-O 11. f3 Nf5 12. cxd5 e3 13. Be1 h4 14. g6 Qg5 15. gxf7+ Kh8 16. Bf1 cxd5 17. Qxd5 Nc6 18. f4 Bxf4 19. Nf3 Qf6 20. Rg1 Be6 21. Qe4 Bg3 22. d5 Nd6 23. Qxe6 Ne7 24. Qxf6 gxf6 25. Nxh4 Bf2 26. Bxf2 exf2 27. Rg2 Rxf7 28. Rxf2 Rc8 29. Kb1 b5 30. Bg2 Rc4 31. Nf3 b4 32. Na4 Rg7 33. b3 Ne4 34. bxc4 Nxf2 35. Rg1 Ne4 36. h4 Nf5 37. Kc2 Nf2 38. Kd2 Ne4+ 39. Kd3 Nf2+ 40. Kd2 Ne4+ 41. Ke1 Neg3 42. Bf1 Ne3 43. Kf2 Nef5 44. e4 Nxe4+ 45. Ke2 Re7 46. Kd3 Nf2+ 47. Kc2 Ne3+ 48. Kb2 Nf5 49. d6 Nxd6 50. c5 Nf5 51. Bc4 Re3 52. c6 Rxf3 53. c7 Nd6 54. Be6 Nd3+ 55. Kc2 Nf4 56. Rd1 Nxe6 57. Rxd6 Nxc7 58. Rd8+ Ne8 59. Rd7 Ng7 60. Rxa7 Ra3 61. Kb2 f5 62. Ra8+ Kh7 63. Nb6 Rh3 64. Nd5 Rxh4 65. Rb8 Rh2+ 66. Kb3 Rh3+ 67. Kxb4 Rh1 68. Ka3 Kg6 69. Rb6+ Kg5 70. Ne7 Nh5 71. Rg6+ Kf4 72. Nd5+ Ke5 73. Nc3 Rh3 74. Kb4 Nf4 75. Rb6 Nd3+ 76. Kb3 Nc5+ 77. Kc4 Rxc3+ 78. Kxc3 Na4+ 79. Kb4 Nxb6 80. Kb5 Na8 81. Kc6 f4 82. Kb7 f3 83. Kxa8 f2 84. a4 f1=Q 85. a5 Qa6+ 86. Kb8 Qxa5 0-1


[Site "https://www.chess.com"]

[Event "Titled Tuesday Blitz August 02 Early 2022"]
[White "Ovchinnikov, Vsevolod"]
[Black "Sjugirov, Sanan"]
[WhiteFideId "24176842"]
[BlackFideId "4189302"]
[WhiteElo "2376"]
[BlackElo "2609"]
[Result "0-1"]
[Round "01"]
[TimeControl "180+1"]
[Date "2022.08.02"]
[WhiteClock "0:00:05"]
[BlackClock "0:00:08"]

1. d4 Nf6 2. c4 e6 3. g3 d5 4. Bg2 Bb4+ 5. Bd2 Be7 6. Nf3 O-O 7. Qc2 c6 8. O-O b6 9. Bf4 Ba6 10. Nbd2 Nbd7 11. Rfe1 Nh5 12. Be3 Rc8 13. Rac1 h6 14. Qb3 Nhf6 15. Bf4 g5 16. Be3 Ng4 17. h3 Nxe3 18. Qxe3 Bf6 19. Qa3 Nb8 20. e3 Qe7 21. Qxe7 Bxe7 22. Ne5 Rfd8 23. a3 f6 24. Nef3 Nd7 25. cxd5 cxd5 26. Bf1 Bb7 27. Bb5 Nf8 28. Nb3 Kf7 29. Rxc8 Rxc8 30. Rc1 Bd6 31. Rxc8 Bxc8 32. Kg2 Ng6 33. Bd3 Ne7 34. Nc1 e5 35. Bc2 Be6 36. Ne2 e4 37. Nd2 f5 38. Nc3 f4 39. gxf4 gxf4 40. exf4 Bxf4 41. Nf1 Bc1 42. Nd1 Bg5 43. Nc3 Bf6 44. Ne2 Nf5 45. Ne3 Nxd4 46. Nxd4 Bxd4 47. b3 Bb2 48. a4 Kf6 49. Nd1 Bd4 50. h4 Ke5 51. f3 Kf4 52. fxe4 dxe4 53. Kf1 Bh3+ 54. Ke2 Bg4+ 55. Ke1 Bf6 56. Nf2 Bxh4 57. Kf1 Bxf2 58. Kxf2 e3+ 59. Ke1 Bf3 60. Bd3 h5 0-1


[Site "https://www.chess.com"]

[Event "Titled Tuesday Blitz August 02 Early 2022"]
[White "Rasulov, Vugar"]
[Black "Silva Lucena, Cristian"]
[WhiteFideId "13402390"]
[BlackFideId "2232588"]
[WhiteElo "2523"]
[BlackElo "2223"]
[Result "1-0"]
[Round "01"]
[TimeControl "180+1"]
[Date "2022.08.02"]
[WhiteClock "0:01:52"]
[BlackClock "0:00:01"]

1. e4 c5 2. Nf3 d6 3. d4 cxd4 4. Nxd4 Nf6 5. Nc3 a6 6. Be3 e6 7. f3 Nbd7 8. g4 h6 9. Qd2 b5 10. h4 Nb6 11. Rg1 Nfd7 12. g5 hxg5 13. hxg5 g6 14. O-O-O Bb7 15. Kb1 Rc8 16. Bxb5 axb5 17. Ndxb5 d5 18. exd5 Nxd5 19. Ne4 Ba6 20. Nbd6+ Bxd6 21. Nxd6+ Ke7 22. Nxc8+ Qxc8 23. Bd4 Rh5 24. b3 Qc6 25. Bb2 Rh4 26. Rg4 Rxg4 27. fxg4 N5b6 28. Bf6+ Ke8 29. Qh2 Qc5 30. c4 1-0


[Site "https://www.chess.com"]

[Event "Titled Tuesday Blitz August 02 Early 2022"]
[White "Sargissyan, Sargis"]
[Black "Oparin, Grigoriy"]
[WhiteFideId "13303210"]
[BlackFideId "24125890"]
[WhiteElo "2174"]
[BlackElo "2639"]
[Result "0-1"]
[Round "01"]
[TimeControl "180+1"]
[Date "2022.08.02"]
[WhiteClock "0:00:05"]
[BlackClock "0:01:27"]

1. e4 c6 2. Nc3 d5 3. Nf3 dxe4 4. Nxe4 Nf6 5. Qe2 Na6 6. b3 Nxe4 7. Qxe4 Qd5 8. Qxd5 cxd5 9. Ne5 Nc7 10. d4 f6 11. Nf3 Bf5 12. c4 e6 13. Be2 dxc4 14. Bxc4 Be4 15. O-O Bxf3 16. gxf3 Kd7 17. Bf4 Bd6 18. Bg3 a6 19. Rfe1 Rac8 20. Kf1 Rhe8 21. Bd3 g6 22. h4 Nd5 23. Rac1 Ba3 24. Rc4 b5 25. Rxc8 Rxc8 26. h5 f5 27. hxg6 hxg6 28. Be5 Bd6 29. a4 Rc3 30. Be2 Rxb3 31. axb5 axb5 32. Ra1 Bxe5 33. dxe5 Nf4 34. Rd1+ Kc6 35. Rd6+ Kc5 36. Ke1 Rb1+ 37. Bd1 Rb2 38. Rd8 b4 39. Ba4 Re2+ 40. Kf1 Ra2 41. Bb3 Rb2 0-1


[Site "https://www.chess.com"]

[Event "Titled Tuesday Blitz August 02 Early 2022"]
[White "Sevian, Samuel"]
[Black "Mortazavi, Ali"]
[WhiteFideId "2040506"]
[BlackFideId "401323"]
[WhiteElo "2692"]
[BlackElo "2339"]
[Result "1/2-1/2"]
[Round "01"]
[TimeControl "180+1"]
[Date "2022.08.02"]
[WhiteClock "0:01:21"]
[BlackClock "0:00:21"]

1. b3 b6 2. Bb2 Bb7 3. e3 e6 4. Nf3 Nf6 5. Be2 c5 6. c4 Qc7 7. d4 cxd4 8. exd4 d6 9. Nc3 a6 10. Rc1 Nbd7 11. d5 e5 12. h4 g6 13. Nd2 h5 14. Nde4 Bh6 15. Rc2 O-O 16. Bc1 Bg7 17. g3 Rae8 18. O-O Bc8 19. b4 Nxe4 20. Nxe4 f5 21. Ng5 Nf6 22. Ba3 f4 23. c5 Bf5 24. Rc1 bxc5 25. bxc5 Qa5 26. Bb2 fxg3 27. fxg3 Ng4 28. Rf3 Qxa2 29. Qb3 Qxb3 30. Rxb3 Rb8 31. Rxb8 Rxb8 32. Ba3 Rb3 33. cxd6 Rxg3+ 34. Kf1 Rxa3 35. Ne6 Ne3+ 36. Kg1 Nxd5 37. Rc8+ Kh7 38. Ng5+ Kh6 39. Nf7+ Kh7 40. Ng5+ Kh6 41. Nf7+ Kh7 42. Ng5+ 1/2-1/2


[Site "https://www.chess.com"]

[Event "Titled Tuesday Blitz August 02 Early 2022"]
[White "Silva, Pedro Gil Ferreira Da"]
[Black "Livaic, Leon"]
[WhiteFideId "1946102"]
[BlackFideId "14531534"]
[WhiteElo "1863"]
[BlackElo "2540"]
[Result "0-1"]
[Round "01"]
[TimeControl "180+1"]
[Date "2022.08.02"]
[WhiteClock "0:00:18"]
[BlackClock "0:00:12"]

1. e4 c5 2. Nf3 d6 3. c3 Nf6 4. h3 Nc6 5. Bd3 e5 6. Bc2 Be7 7. O-O g5 8. d4 cxd4 9. cxd4 g4 10. dxe5 gxf3 11. exf6 fxg2 12. Kxg2 Rg8+ 13. Kh2 Qd7 14. Qh5 Bxf6 15. Nc3 Be5+ 16. f4 Bxc3 17. bxc3 Qe7 18. Be3 Be6 19. Rg1 O-O-O 20. Rxg8 Rxg8 21. Qxh7 Qd8 22. f5 Bc4 23. Rg1 Rh8 24. Qg7 Ne5 25. Rg3 Qh4 26. Bg5 Qh5 27. Bd1 Be2 28. Bxe2 Qxe2+ 29. Rg2 Qh5 30. h4 Nf3+ 31. Kg3 Nxh4 32. Bxh4 Qxh4+ 33. Kf3 Re8 34. Qg4 Qe1 35. f6+ Kc7 36. Re2 Qxc3+ 37. Kg2 Qxf6 38. Rc2+ Kb8 39. Rf2 Qg6 40. Qxg6 fxg6 41. Rf6 Kc7 42. Rxg6 Rxe4 43. Rg7+ Kc6 44. Kf3 Ra4 45. Rg2 b5 46. Ke3 Kc5 47. Kd3 Ra3+ 48. Ke4 d5+ 49. Ke5 d4 50. Rg8 Re3+ 51. Kf4 Re7 52. Rc8+ Kb4 53. Rd8 Kc3 54. Rc8+ Kd2 55. Rb8 d3 56. Rxb5 Ke2 0-1


[Site "https://www.chess.com"]

[Event "Titled Tuesday Blitz August 02 Early 2022"]
[White "Sztokbant, Bernardo Vainzoff"]
[Black "Vasquez Schroeder, Rodrigo"]
[WhiteFideId "2115956"]
[BlackFideId "3400042"]
[WhiteElo "2203"]
[BlackElo "2567"]
[Result "0-1"]
[Round "01"]
[TimeControl "180+1"]
[Date "2022.08.02"]
[WhiteClock "0:00:03"]
[BlackClock "0:00:21"]

1. d4 d5 2. c4 c6 3. Nf3 Nf6 4. Nc3 e6 5. e3 Nbd7 6. Bd3 dxc4 7. Bxc4 b5 8. Bd3 b4 9. Ne2 c5 10. O-O Bb7 11. Ng3 Be7 12. b3 O-O 13. Bb2 Rc8 14. Rc1 Qb6 15. Qe2 Rfd8 16. Rfd1 h6 17. Nd2 cxd4 18. Bxd4 Bc5 19. Nc4 Qc6 20. Qf1 Bxd4 21. exd4 Qd5 22. Bb1 Nf8 23. Ne2 Qg5 24. Ne3 N8d7 25. Bd3 Nb6 26. Ng3 h5 27. Ba6 Bxa6 28. Qxa6 h4 29. Ngf1 Ra8 30. Rc5 Nbd5 31. Nxd5 Nxd5 32. Re1 Qf6 33. Qc4 Nf4 34. Re4 a5 35. h3 Rxd4 36. Rxd4 Qxd4 37. Qxd4 Ne2+ 38. Kh2 Nxd4 39. Ne3 Ne2 40. Nc4 a4 41. Nb6 axb3 42. axb3 Ra3 43. Rc8+ Kh7 44. Rc4 Rxb3 45. Rxh4+ Kg6 46. Nd7 f6 47. Nc5 Rb1 48. Nxe6 Kf7 49. Nc5 Nc3 50. Rc4 Nd1 51. Nd3 b3 52. Rb4 Nc3 53. Kg3 Nd5 54. Rb7+ Kg8 55. Kf3 Nc3 56. Nc5 b2 57. Nd3 Na4 58. Rb4 Ra1 59. Nxb2 Ra3+ 60. Kf4 Nc3 61. Rb8+ Kh7 62. Nc4 Ra4 63. Rc8 Nb5 64. Kf5 Rxc4 65. Rxc4 Nd6+ 66. Ke6 Nxc4 67. Kf5 Kg8 68. Kf4 Kf7 69. g4 Ne5 70. h4 Ng6+ 71. Kg3 Ke6 72. h5 Ne5 73. f4 Nd3 74. Kf3 Nc5 75. Ke3 Nb7 76. Kf3 Nd6 77. Ke3 Kd5 78. Kf3 Kd4 79. g5 fxg5 80. fxg5 Ke5 81. Kg4 Nf7 82. h6 g6 83. Kh4 Kf5 84. h7 Nh8 85. Kg3 Kxg5 0-1


[Site "https://www.chess.com"]

[Event "Titled Tuesday Blitz August 02 Early 2022"]
[White "Turzo, Attila"]
[Black "Maksimovic, Bojan"]
[WhiteFideId "704954"]
[BlackFideId "14408120"]
[WhiteElo "2466"]
[BlackElo "2453"]
[Result "0-1"]
[Round "01"]
[TimeControl "180+1"]
[Date "2022.08.02"]
[WhiteClock "0:00:04"]
[BlackClock "0:01:40"]

1. e4 e5 2. Nf3 Nc6 3. Bc4 Nf6 4. Ng5 Bc5 5. Bxf7+ Ke7 6. Bb3 Rf8 7. O-O d6 8. d3 h6 9. Nf3 Bg4 10. Be3 Nd4 11. Bxd4 Bxd4 12. c3 Bb6 13. Nbd2 Qe8 14. Kh1 Qh5 15. Qe1 Bxf3 16. Nxf3 Ng4 17. h4 Rxf3 18. g3 Nxf2+ 19. Kg2 Rxg3+ 20. Kxg3 Qg4+ 21. Kh2 Qh3+ 0-1


[Site "https://www.chess.com"]

[Event "Titled Tuesday Blitz August 02 Early 2022"]
[White "Urbina Perez, Juan Antonio"]
[Black "Xu, Yi"]
[WhiteFideId "2217368"]
[BlackFideId "8605564"]
[WhiteElo "2192"]
[BlackElo "2471"]
[Result "0-1"]
[Round "01"]
[TimeControl "180+1"]
[Date "2022.08.02"]
[WhiteClock "0:00:03"]
[BlackClock "0:00:21"]

1. e4 c6 2. d4 d5 3. e5 Bf5 4. Nd2 e6 5. Nb3 Ne7 6. Nf3 h6 7. Be2 Nd7 8. O-O g5 9. c3 Bg7 10. Ne1 Qc7 11. Bd3 O-O-O 12. a4 f6 13. exf6 Bxf6 14. a5 e5 15. Bxf5 Nxf5 16. a6 b6 17. dxe5 Bxe5 18. Nf3 Bd6 19. g3 Nc5 20. Nbd4 Nxd4 21. Nxd4 Rde8 22. Be3 h5 23. Bxg5 Ne4 24. Bh4 Qd7 25. Qd3 Be7 26. Bxe7 Rxe7 27. f3 Nd6 28. Rae1 Rhe8 29. Rxe7 Rxe7 30. b4 h4 31. g4 h3 32. Nf5 Nxf5 33. Qxf5 Qxf5 34. gxf5 Re2 35. Rf2 Re1+ 36. Rf1 Re2 37. Rf2 Re3 38. f6 Kd7 39. f7 Ke7 40. f8=Q+ Kxf8 41. f4 Rxc3 42. Re2 Rc4 43. Re6 Rxb4 44. Rxc6 Ra4 45. Rd6 Rxa6 46. Rxd5 Ra2 47. Rd3 Rg2+ 48. Kh1 Rf2 49. Rxh3 Rxf4 50. Kg2 Kg7 51. Ra3 a5 52. Rb3 Rb4 53. Ra3 a4 54. Kf2 b5 55. Ke2 Rb2+ 56. Kd3 Rxh2 57. Kc3 Rh3+ 58. Kb4 Rxa3 59. Kxa3 Kf6 0-1


[Site "https://www.chess.com"]

[Event "Titled Tuesday Blitz August 02 Early 2022"]
[White "Vakhlamov, Igor L."]
[Black "Chyzy, Jakub"]
[WhiteFideId "24126748"]
[BlackFideId "21806209"]
[WhiteElo "2401"]
[BlackElo "2023"]
[Result "1-0"]
[Round "01"]
[TimeControl "180+1"]
[Date "2022.08.02"]
[WhiteClock "0:01:23"]
[BlackClock "0:00:15"]

1. e4 e5 2. Nf3 Nc6 3. Nc3 Nf6 4. Bb5 Bb4 5. Nd5 Bc5 6. O-O O-O 7. d4 Nxd4 8. Nxd4 Bxd4 9. Bg5 c6 10. Nxf6+ gxf6 11. Bh6 d5 12. Qf3 Kh8 13. Bxf8 dxe4 14. Qxe4 Qxf8 15. c3 Bb6 16. Bc4 Qg7 17. Rad1 f5 18. Qh4 Be6 19. Bxe6 fxe6 20. Rd6 Rg8 21. g3 f4 22. Rxe6 fxg3 23. hxg3 Qxg3+ 24. Qxg3 Rxg3+ 25. Kh2 Rf3 26. Kg2 Rf5 27. Re7 h5 28. Rxb7 Rg5+ 29. Kf3 h4 30. Rh1 Rf5+ 31. Ke4 Rh5 32. Rd1 h3 33. Rdd7 h2 34. Rb8+ Bd8 35. Rbxd8# 1-0


[Site "https://www.chess.com"]

[Event "Titled Tuesday Blitz August 02 Early 2022"]
[White "Xiong, Jeffery"]
[Black "Suder, Jakub"]
[WhiteFideId "2047640"]
[BlackFideId "1195310"]
[WhiteElo "2714"]
[BlackElo "2071"]
[Result "1-0"]
[Round "01"]
[TimeControl "180+1"]
[Date "2022.08.02"]
[WhiteClock "0:02:46"]
[BlackClock "0:01:46"]

1. d4 d5 2. c4 dxc4 3. Nf3 a6 4. e3 Bg4 5. Bxc4 e6 6. O-O Nc6 7. Be2 Nf6 8. Nbd2 Bd6 9. h3 Bh5 10. Nc4 O-O 11. b3 Qe7 12. Bb2 Rfd8 13. Rc1 Rac8 14. a3 e5 15. Nfxe5 Nxe5 16. Nxd6 Rxd6 17. Bxh5 Nxh5 18. Qxh5 Nd3 19. Qf5 1-0


[Site "https://www.chess.com"]

[Event "Titled Tuesday Blitz August 02 Early 2022"]
[White "Zhigalko, Sergei"]
[Black "Aaditya Dhingra"]
[WhiteFideId "13502956"]
[BlackFideId "25678191"]
[WhiteElo "2662"]
[BlackElo "1849"]
[Result "1/2-1/2"]
[Round "01"]
[TimeControl "180+1"]
[Date "2022.08.02"]
[WhiteClock "0:00:11"]
[BlackClock "0:00:06"]

1. e4 c5 2. Nf3 d6 3. d4 cxd4 4. Qxd4 a6 5. Bc4 Nc6 6. Qd3 Nf6 7. Nc3 Bg4 8. Bb3 e6 9. Bf4 Bxf3 10. Qxf3 Ne5 11. Qh3 Qc7 12. O-O-O Be7 13. Bg3 Rc8 14. f4 Nc4 15. e5 dxe5 16. fxe5 Nd7 17. Nd5 exd5 18. e6 Nde5 19. exf7+ Kf8 20. Rxd5 Bf6 21. Rhd1 Nb6 22. Rd6 Nbc4 23. R6d5 Nb6 24. Rd6 Nbc4 25. Rxf6 gxf6 26. Qh6+ Kxf7 27. Rf1 Qd6 28. Bh4 Nd7 29. Qh5+ Ke7 30. Qg4 Nce5 31. Qe4 Rhf8 32. Qxh7+ Kd8 33. Rd1 Qe7 34. Qh6 Kc7 35. Bg3 Kb8 36. Qf4 Ka8 37. Kb1 Nc5 38. Bd5 Ne6 39. Qf1 Nc5 40. Qf2 Rcd8 41. Qe2 Ka7 42. Bf2 b6 43. c4 Nc6 44. Qd2 Ne5 45. b4 Qh7+ 46. Ka1 Ncd3 47. Bd4 Rxd5 48. cxd5 Qd7 49. Qe3 Qxd5 50. Bxb6+ Kb7 51. Ba5 Rc8 52. Qb6+ Ka8 53. Qxa6+ Kb8 54. Qb6+ Qb7 55. Qd6+ Ka8 56. Rxd3 Nxd3 57. Qxd3 Rc1+ 58. Kb2 Rc8 59. g3 Qg2+ 60. Kb3 Qc6 61. h4 Qe6+ 62. Ka3 Qc6 63. h5 Qc3+ 64. Qxc3 Rxc3+ 65. Ka4 Rxg3 66. Bd8 Rh3 67. Bxf6 Rxh5 68. Bd4 Kb7 69. Bc5 Re5 70. Kb5 Rf5 71. a4 Rf6 72. a5 Rg6 73. Bb6 Rg5+ 74. Bc5 Rg6 75. Kc4 Rf6 76. Bd4 Re6 77. b5 Rg6 78. Kd5 Rh6 79. Be5 Rg6 80. Bd4 Rh6 81. Ke4 Rg6 82. Be3 Re6+ 83. Kd4 Rd6+ 84. Ke5 Rg6 85. Kf5 Rd6 86. Ke4 Re6+ 87. Kd4 Rd6+ 88. Kc4 Re6 89. Bd4 Rd6 90. Kc5 Re6 91. Kc4 1/2-1/2


[Site "https://www.chess.com"]

[Event "Titled Tuesday Blitz August 02 Early 2022"]
[White "Al-Tarboush, Ward"]
[Black "Pranav Anand"]
[WhiteFideId "7601450"]
[BlackFideId "46626786"]
[WhiteElo "2231"]
[BlackElo "2259"]
[Result "0-1"]
[Round "02"]
[TimeControl "180+1"]
[Date "2022.08.02"]
[WhiteClock "0:00:39"]
[BlackClock "0:01:53"]

1. e4 b6 2. d4 Bb7 3. Bd3 e6 4. Nf3 Nf6 5. e5 Nd5 6. O-O c5 7. c4 Nc7 8. d5 exd5 9. cxd5 Bxd5 10. Nc3 Bb7 11. Ne4 Ne6 12. Re1 Nc6 13. Bg5 Qc7 14. h4 h6 15. Bd2 Be7 16. a4 a5 17. Qc1 O-O-O 18. Nc3 Ncd4 19. Nxd4 Nxd4 20. Bc4 d5 21. exd6 Bxd6 22. Nb5 Nxb5 23. Bxb5 Kb8 24. Be3 Bh2+ 25. Kh1 Be5 26. Qc2 Qe7 27. f4 Qxh4+ 28. Kg1 Bxf4 29. Bxf4+ Qxf4 30. Re7 Rd2 31. Rxf7 Qd4+ 0-1


[Site "https://www.chess.com"]

[Event "Titled Tuesday Blitz August 02 Early 2022"]
[White "Andreikin, Dmitry"]
[Black "Skawinski, Arkadiusz"]
[WhiteFideId "4158814"]
[BlackFideId "1126415"]
[WhiteElo "2736"]
[BlackElo "2220"]
[Result "1-0"]
[Round "02"]
[TimeControl "180+1"]
[Date "2022.08.02"]
[WhiteClock "0:02:10"]
[BlackClock "0:00:28"]

1. d4 d5 2. c4 e6 3. Nf3 Nf6 4. g3 Be7 5. Bg2 O-O 6. O-O dxc4 7. Qc2 a6 8. a4 Bd7 9. Qxc4 Bc6 10. Bf4 a5 11. Nc3 Na6 12. Rfd1 h6 13. Rac1 Nb4 14. Ne5 Bxg2 15. Kxg2 c6 16. e4 Ra6 17. h4 Ne8 18. d5 Nd6 19. Qe2 exd5 20. exd5 c5 21. Qg4 f5 22. Qh5 Qe8 23. Ng6 Bf6 24. Nb5 Bxb2 25. Nxd6 Rxd6 26. Bxd6 Rf6 27. Ne7+ 1-0


[Site "https://www.chess.com"]

[Event "Titled Tuesday Blitz August 02 Early 2022"]
[White "Averjanov, Alexey"]
[Black "Bortnyk, Olexandr"]
[WhiteFideId "14109867"]
[BlackFideId "14120828"]
[WhiteElo "2651"]
[BlackElo "2723"]
[Result "0-1"]
[Round "02"]
[TimeControl "180+1"]
[Date "2022.08.02"]
[WhiteClock "0:01:46"]
[BlackClock "0:00:50"]

1. d4 d6 2. c4 e5 3. Nc3 exd4 4. Qxd4 Nc6 5. Qd2 g6 6. b3 Bg7 7. Bb2 Nf6 8. g3 O-O 9. Bg2 Be6 10. Nh3 Bxh3 11. Bxh3 Qe7 12. O-O Rfe8 13. Bg2 h5 14. h4 a6 15. Rac1 Rab8 16. Rfd1 Ne5 17. e3 b5 18. cxb5 axb5 19. Nd5 Nxd5 20. Bxd5 c5 21. Kg2 Rec8 22. Ba1 Rc7 23. e4 Ng4 24. Bxg7 Kxg7 25. a4 Ra7 26. axb5 Rxb5 27. Ra1 Nf6 28. Qc3 Rb4 29. Rxa7 Qxa7 30. e5 Nxd5 31. Rxd5 Qb7 32. exd6+ Rd4 33. d7 Qxd5+ 34. Kh2 Qxd7 0-1


[Site "https://www.chess.com"]

[Event "Titled Tuesday Blitz August 02 Early 2022"]
[White "Babazada, Khazar"]
[Black "Olivares Olivares, Claudio"]
[WhiteFideId "13413554"]
[BlackFideId "3400786"]
[WhiteElo "2409"]
[BlackElo "2249"]
[Result "0-1"]
[Round "02"]
[TimeControl "180+1"]
[Date "2022.08.02"]
[WhiteClock "0:00:37"]
[BlackClock "0:00:09"]

1. f4 Nf6 2. Nf3 c5 3. g3 b6 4. Bg2 Bb7 5. O-O d6 6. d3 g6 7. Nbd2 Bg7 8. e4 O-O 9. Qe2 Nc6 10. c3 b5 11. f5 b4 12. Nc4 Na5 13. Ne3 bxc3 14. bxc3 c4 15. Nd4 Rc8 16. Bd2 Ba6 17. g4 cxd3 18. Qf3 Bb7 19. Qf4 Nc4 20. Nxc4 Rxc4 21. Rae1 Nd7 22. g5 Qa5 23. f6 exf6 24. Qxd6 Qc7 25. Qxc7 Rxc7 26. gxf6 Bxf6 27. Nb5 Rc5 28. Nd6 Ba8 29. Rf3 Be5 30. Rxd3 Nb6 31. Be3 Ra5 32. Bxb6 axb6 33. Nc4 Rb5 34. a4 Rc5 35. Nxb6 Rxc3 36. Rxc3 Bxc3 37. Rd1 Bc6 38. Kf1 Ba5 39. Nc4 Bxa4 40. Ra1 Bb5 41. Rxa5 Bxc4+ 42. Kf2 Rb8 43. Ke3 Rb2 44. Kf3 Be6 45. e5 h5 46. h4 Bg4+ 47. Kg3 Be6 48. Be4 Rb3+ 49. Kf4 Rb4 50. Ke3 Rb3+ 51. Kf4 Rh3 52. Kg5 Rg3+ 53. Kh6 Kf8 54. Ra8+ Ke7 55. Ra7+ Kd8 56. Kg7 Rg4 57. Bc6 Rxh4 58. Kf6 Rf4+ 59. Kg7 h4 0-1


[Site "https://www.chess.com"]